 Dungeon Crawl Stone Soup version 0.29.0-4-gdea44cf6ec (webtiles) character file.

Game seed: 11939343277453930793

2921 qw the Cleaver (level 9, -8/112 HPs)
             Began as a Minotaur Berserker on Sept 6, 2022.
             Was a Priest of Trog.
             Mangled by an orc warrior
             ... wielding a +0 glaive
              (18 damage)
             ... on level 5 of the Dungeon.
             The game lasted 00:02:32 (7759 turns).

qw the Cleaver (Minotaur Berserker)                 Turns: 7759, Time: 00:02:33

Health: -8/112     AC:  0    Str: 27    XL:     9   Next: 50%
Magic:  0/8        EV:  6    Int:  4    God:    Trog [***...]
Gold:   283        SH:  9    Dex:  9    Spells: 8/8 levels left

rFire   . . .      SeeInvis +   Y - +0 war axe (protect)
rCold   . . .      Faith    .   m - +0 kite shield
rNeg    . . .      Spirit   +   g - +0 plate armour
rPois   +          Reflect  .   (helmet restricted)
rElec   .          Harm     .   (no cloak)
rCorr   .          Rampage  .   (no gloves)
Will    .....                   (no boots)
Stlth   ..........              c - amulet of guardian spirit
HPRegen 0.28/turn               b - ring of see invisible
MPRegen 0.11/turn               i - ring of poison resistance

@: berserking (expiring), corroded, under a protective aura, very quick
A: horns 2, retaliatory headbutt
a: Renounce Religion, Berserk, Trog's Hand


You were on level 5 of the Dungeon.
You worshipped Trog.
Trog was most pleased with you.
You visited 1 branch of the dungeon, and saw 8 of its levels.

You collected 283 gold pieces.


Innate Abilities, Weirdness & Mutations

You have a pair of horns on your head.
You reflexively headbutt those who attack you in melee.


   Skills:
 - Level 6.0 Fighting
 - Level 12.4 Axes
 + Level 4.5 Armour
 - Level 2.1 Dodging
 - Level 8.0 Shields


You had 8 spell levels left.
You didn't know any spells.
Your spell library was empty.

Inventory:

Hand Weapons
 h - a +2 vorpal flail
 Y - a +0 war axe of protection (weapon)
Armour
 g - a +0 plate armour (worn)
 m - a +0 kite shield (worn)
Jewellery
 b - a ring of see invisible (left hand)
 c - an amulet of guardian spirit (around neck)
 i - a ring of poison resistance (right hand)
 n - a ring of poison resistance
 q - a +4 ring of evasion
Scrolls
 d - 3 scrolls of identify
 e - 5 scrolls of teleportation
Potions
 a - 2 potions of mutation
 f - 3 potions of resistance
 k - a potion of heal wounds
 l - a potion of might
 o - 2 potions of curing

Dungeon Overview and Level Annotations

Branches:
Dungeon (8/15)             Temple (0/1) D:4
   Lair: D:8-11

Altars:
Nemelex Xobeh
Uskayaw
Xom
Zin


Message History

You hit the rust devil.
The rust devil is almost dead.
You closely miss the rust devil. The rust devil hits you.
The rust devil corrodes you! You block the rust devil's attack.
The orc warrior hits you from afar with a +0 glaive!!
You hit the rust devil but do no damage.
Your headbutt misses the rust devil.
The rust devil is almost dead.
You barely miss the rust devil. You block the rust devil's attack.
The rust devil hits you. The rust devil corrodes you!
You block the orc warrior's attack.
You slash the rust devil!
You kill the rust devil!
Trog accepts your kill.
You slash the rust devil! You slash the rust devil!
The rust devil is heavily wounded.
The rust devil hits you. The rust devil corrodes you!
You block the orc warrior's attack.
You hit the rust devil but do no damage.
The rust devil is heavily wounded.
The rust devil barely misses you.
The orc warrior hits you from afar with a +0 glaive!
You hit the rust devil but do no damage.
The rust devil is heavily wounded.
You hit the rust devil but do no damage.
The rust devil is heavily wounded.
The rust devil hits you. The rust devil corrodes you!
The orc warrior hits you from afar with a +0 glaive!!
You barely miss the rust devil.
The rust devil is heavily wounded.
The rust devil hits you. The rust devil corrodes you!
The orc warrior hits you from afar with a +0 glaive!
You slash the rust devil! You headbutt the rust devil!
You kill the rust devil!
Trog accepts your kill.
Your Axes skill increases to level 12!
The orc warrior hits you with a +0 glaive!!
You die...

........#....#.......# #.....#<.
........#....#.......# #.....'..
........#.##........!# #######..
'###+####....###...### #......##
...#<......### ###..# #......'.
...#......##)#+#)##.## #......#.
####......#7.....7#..# #......##
..######.##.......##.# #....####
..# ###.#\...8.@.>#.# #....'...
..# #...##....o..##.# #....#...
..####.#..#7.....7#..####....####
#....#..#.##)#+#)##............##
#....#.....### ###.............#.
+....'.......###...............#.
#....#.....#.....##............#.
#....#....#########............#.
#....#....# #))).........'.


You could see an orc warrior.

Vanquished Creatures
  2 rust devils (D:5)
  Grinder (D:5)
  Prince Ribbit (D:5)
  Grum (D:8)
  Duvessa (D:4)
  An ice beast (D:5)
  A black bear (D:6)
  3 wolves (D:8)
  2 orc warriors
  2 kobold brigands (D:8)
  Blork the orc (D:5)
  2 necrophages
  A gnoll sergeant (D:5)
  Dowan (D:4)
  A jelly (D:6)
  An orc priest (D:6)
  A hound (D:6)
  4 iguanas
  3 orc wizards (D:5)
  11 gnolls
  8 adders
  A white imp (D:6)
  4 ufetubi
  A worm (D:2)
  4 dart slugs
  19 orcs
  5 bats
  6 endoplasms
  A giant cockroach (D:2)
  7 goblins
  11 hobgoblins
  5 jackals
  7 quokkas
  4 ball pythons
  3 frilled lizards
  21 kobolds
  5 rats
153 creatures vanquished.

Notes
Turn   | Place    | Note
-------+----------+-------------------------------------------
     0 | D:1      | qw the Minotaur Berserker began the quest for the Orb.
     0 | D:1      | Reached XP level 1. HP: 19/19 MP: 0/0
     0 | D:1      | 0 ||| qw: Version: 0.1-a-108-g9e35731
     0 | D:1      | 0 ||| qw: Game counter: 6231
     0 | D:1      | 0 ||| qw: Always use a shield: true
     0 | D:1      | 0 ||| qw: Do Orc after D:15 true
     0 | D:1      | 0 ||| qw: Do second Lair branch before Depths: true
     0 | D:1      | 0 ||| qw: Lair rune preference: random
     0 | D:1      | 0 ||| qw: Plans: Normal
     0 | D:1      | 0 ||| PLANNING D:1-11
     4 | D:1      | 4 ||| Stepping randomly (stuck).
     5 | D:1      | 5 ||| Stepping randomly (stuck).
     6 | D:1      | 6 ||| Stepping randomly (stuck).
     9 | D:1      | 9 ||| Stepping randomly (stuck).
    10 | D:1      | 10 ||| Stepping randomly (stuck).
    11 | D:1      | 11 ||| Stepping randomly (stuck).
   170 | D:1      | Reached skill level 4 in Axes
   281 | D:1      | 281 ||| Stepping ~*~*~tactically~*~*~ (stealth).
   283 | D:1      | 283 ||| Stepping ~*~*~tactically~*~*~ (stealth).
   300 | D:1      | Reached XP level 2. HP: 23/26 MP: 1/1
   308 | D:1      | 308 ||| Stepping ~*~*~tactically~*~*~ (stealth).
   309 | D:1      | 309 ||| Stepping ~*~*~tactically~*~*~ (stealth).
   401 | D:1      | 401 ||| Stepping ~*~*~tactically~*~*~ (stealth).
   522 | D:1      | 522 ||| Stepping ~*~*~tactically~*~*~ (hiding).
   780 | D:1      | Reached skill level 5 in Axes
   801 | D:1      | 801 ||| UPGRADING to +0 leather armour.
   831 | D:1      | 831 ||| DROPPING +0 animal skin.
   904 | D:1      | Reached XP level 3. HP: 31/31 MP: 2/2
  1111 | D:1      | 1111 ||| UPGRADING to amulet of guardian spirit.
  1116 | D:1      | 1116 ||| READING scroll labelled GUWARIOPRE.
  1117 | D:1      | 1117 ||| READING 3 scrolls labelled SUTADU ZYOSTRE.
  1118 | D:1      | 1118 ||| READING 2 scrolls labelled WEREZX VIRAOC.
  1122 | D:1      | 1122 ||| READING scroll labelled TUSIUX KADUUSA.
  1123 | D:1      | 1123 ||| READING scroll labelled CATOMUT UTHEA.
  1124 | D:1      | 1124 ||| READING 2 scrolls of identify.
  1124 | D:1      | 1124 ||| IDENTIFYING sapphire potion
  1125 | D:1      | 1125 ||| DROPPING potion of brilliance.
  1162 | D:2      | 1162 ||| Stepping ~*~*~tactically~*~*~ (hiding).
  1269 | D:2      | Found a faded altar of an unknown god.
  1272 | D:2      | 1272 ||| Stepping ~*~*~tactically~*~*~ (stealth).
  1285 | D:2      | 1285 ||| Stepping ~*~*~tactically~*~*~ (stealth).
  1339 | D:2      | Noticed a necrophage
  1349 | D:2      | 1349 ||| INVOKING Berserk.
  1350 | D:2      | Killed a necrophage
  1351 | D:2      | Reached skill level 6 in Axes
  1351 | D:2      | Reached XP level 4. HP: 17/39 MP: 0/3
  1562 | D:2      | 1562 ||| DROPPING +0 club.
  1749 | D:2      | 1749 ||| INVOKING Berserk.
  2056 | D:2      | 2056 ||| Stepping ~*~*~tactically~*~*~ (stealth).
  2060 | D:2      | 2060 ||| INVOKING Berserk.
  2064 | D:2      | Reached skill level 7 in Axes
  2064 | D:2      | Reached XP level 5. HP: 45/45 MP: 4/4
  2071 | D:2      | Reached ** piety under Trog
  2320 | D:2      | 2320 ||| DROPPING +0 whip.
  2474 | D:2      | 2474 ||| Stepping ~*~*~tactically~*~*~ (stealth).
  2493 | D:2      | 2493 ||| DROPPING +3 whip.
  2524 | D:2      | 2524 ||| UPGRADING to +0 ring mail.
  2534 | D:2      | 2534 ||| DROPPING +0 leather armour.
  2535 | D:2      | 2535 ||| UPGRADING to ring of see invisible.
  2536 | D:2      | 2536 ||| UPGRADING to ring of poison resistance.
  2537 | D:2      | 2537 ||| READING 3 scrolls labelled XEADGH NYAPRA.
  2538 | D:2      | 2538 ||| DRINKING 2 metallic red potions.
  2539 | D:2      | 2539 ||| DRINKING 2 smoky coppery potions.
  2540 | D:2      | 2540 ||| DROPPING 2 scrolls of poison.
  2541 | D:2      | 2541 ||| DROPPING potion of degeneration.
  2994 | D:3      | 2994 ||| Stepping ~*~*~tactically~*~*~ (stealth).
  2995 | D:3      | 2995 ||| Stepping ~*~*~tactically~*~*~ (stealth).
  3493 | D:3      | 3493 ||| READING scroll labelled RAINKUMOAP.
  3494 | D:3      | 3494 ||| READING 3 scrolls of identify.
  3494 | D:3      | 3494 ||| IDENTIFYING lumpy orange potion
  3495 | D:3      | 3495 ||| READING 2 scrolls of identify.
  3495 | D:3      | 3495 ||| IDENTIFYING puce potion
  3557 | D:4      | 3557 ||| Stepping ~*~*~tactically~*~*~ (stealth).
  3632 | D:4      | 3632 ||| Stepping ~*~*~tactically~*~*~ (stealth).
  3635 | D:4      | 3635 ||| Stepping ~*~*~tactically~*~*~ (stealth).
  3638 | D:4      | 3638 ||| Stepping ~*~*~tactically~*~*~ (stealth).
  3639 | D:4      | 3639 ||| Stepping ~*~*~tactically~*~*~ (stealth).
  3665 | D:4      | 3665 ||| DROPPING +1 whip of pain.
  3681 | D:4      | Found a glowing silver altar of Zin.
  3685 | D:4      | Found a hide-covered altar of Uskayaw.
  3685 | D:4      | Found a shimmering altar of Xom.
  3689 | D:4      | Found a sparkling altar of Nemelex Xobeh.
  3740 | D:4      | 3740 ||| FLEEEEING.
  3741 | D:4      | 3741 ||| FLEEEEING.
  3790 | D:4      | 3790 ||| Stepping ~*~*~tactically~*~*~ (stealth).
  3965 | D:4      | 3965 ||| Stepping ~*~*~tactically~*~*~ (stealth).
  3973 | D:4      | Reached skill level 8 in Axes
  3973 | D:4      | Reached XP level 6. HP: 44/52 MP: 3/5
  3998 | D:4      | 3998 ||| Stepping ~*~*~tactically~*~*~ (stealth).
  3999 | D:4      | 3999 ||| Stepping ~*~*~tactically~*~*~ (stealth).
  4019 | D:4      | Found a staircase to the Ecumenical Temple.
  4030 | D:4      | Noticed Dowan
  4031 | D:4      | 4031 ||| Stepping ~*~*~tactically~*~*~ (hiding).
  4037 | D:4      | Noticed Duvessa
  4038 | D:4      | 4038 ||| INVOKING Berserk.
  4041 | D:4      | Killed Dowan
  4048 | D:4      | Killed Duvessa
  4049 | D:4      | Reached skill level 9 in Axes
  4306 | D:4      | 4306 ||| Stepping ~*~*~tactically~*~*~ (hiding).
  4309 | D:4      | 4309 ||| INVOKING Berserk.
  4501 | D:4      | 4501 ||| UPGRADING to +0 kite shield.
  4506 | D:4      | 4506 ||| UPGRADING to +0 chain mail.
  4516 | D:4      | 4516 ||| DROPPING +0 ring mail.
  4517 | D:4      | 4517 ||| READING scroll labelled XUFAUD UPEO.
  4518 | D:4      | 4518 ||| READING 3 scrolls of identify.
  4518 | D:4      | 4518 ||| IDENTIFYING cyan potion
  4519 | D:4      | 4519 ||| READING 2 scrolls of identify.
  4519 | D:4      | 4519 ||| IDENTIFYING fizzy green potion
  4520 | D:4      | 4520 ||| DROPPING potion of flight.
  4530 | D:4      | 4530 ||| Stepping ~*~*~tactically~*~*~ (stealth).
  4531 | D:4      | 4531 ||| Stepping ~*~*~tactically~*~*~ (stealth).
  4532 | D:4      | 4532 ||| Stepping ~*~*~tactically~*~*~ (stealth).
  4533 | D:4      | 4533 ||| Stepping ~*~*~tactically~*~*~ (stealth).
  4559 | D:5      | Entered Level 5 of the Dungeon
  4567 | D:5      | 4567 ||| READING 2 scrolls of enchant weapon.
  4567 | D:5      | 4567 ||| ENCHANTING +1 hand axe.
  4568 | D:5      | 4568 ||| READING scroll of enchant weapon.
  4568 | D:5      | 4568 ||| ENCHANTING +2 hand axe.
  4614 | D:5      | Reached XP level 7. HP: 45/59 MP: 6/6
  4784 | D:5      | 4784 ||| INVOKING Berserk.
  4786 | D:5      | HP: 20/88 [gnoll/+0 halberd[a gnoll sergeant] (4)]
  4787 | D:5      | Reached skill level 3 in Shields
  5123 | D:5      | 5123 ||| FLEEEEING.
  5129 | D:5      | 5129 ||| DRINKING potion of curing.
  5129 | D:5      | 5129 ||| (to cure confusion)
  5145 | D:5      | Reached *** piety under Trog
  5202 | D:5      | 5202 ||| DROPPING +0 flail.
  5226 | D:5      | 5226 ||| SWAPPING to +0 war axe.
  5227 | D:5      | 5227 ||| DROPPING +3 hand axe.
  5256 | D:5      | Noticed Grinder
  5257 | D:5      | 5257 ||| Stepping ~*~*~tactically~*~*~ (hiding).
  5263 | D:5      | 5263 ||| INVOKING Trog's Hand.
  5265 | D:5      | 5265 ||| INVOKING Berserk.
  5271 | D:5      | Killed Grinder
  5272 | D:5      | Reached skill level 6 in Shields
  5392 | D:5      | 5392 ||| Stepping ~*~*~tactically~*~*~ (hiding).
  5400 | D:5      | 5400 ||| Stepping ~*~*~tactically~*~*~ (stealth).
  5408 | D:5      | 5408 ||| Stepping ~*~*~tactically~*~*~ (stealth).
  5449 | D:5      | Noticed Blork the orc
  5452 | D:5      | 5452 ||| INVOKING Berserk.
  5458 | D:5      | Killed Blork the orc
  5642 | D:5      | Reached XP level 8. HP: 68/68 MP: 7/7
  5853 | D:5      | Noticed Prince Ribbit
  5855 | D:5      | 5855 ||| INVOKING Berserk.
  5873 | D:5      | Killed Prince Ribbit
  6114 | D:5      | 6114 ||| DRINKING 2 fuming purple potions.
  6215 | D:5      | 6215 ||| DRINKING 2 fuming emerald potions.
  6320 | D:5      | 6320 ||| DROPPING potion of ambrosia.
  6321 | D:5      | 6321 ||| DROPPING potion of berserk rage.
  6356 | D:6      | 6356 ||| INVOKING Berserk.
  6568 | D:6      | 6568 ||| INVOKING Berserk.
  6749 | D:6      | 6749 ||| INVOKING Berserk.
  6753 | D:6      | Reached skill level 10 in Axes
  6991 | D:6      | You fall into a shaft and drop 2 floors!
  7037 | D:8      | 7037 ||| Stepping ~*~*~tactically~*~*~ (stealth).
  7057 | D:8      | Reached skill level 6 in Fighting
  7067 | D:8      | 7067 ||| Stepping ~*~*~tactically~*~*~ (stealth).
  7072 | D:8      | 7072 ||| Stepping ~*~*~tactically~*~*~ (stealth).
  7076 | D:8      | 7076 ||| Stepping ~*~*~tactically~*~*~ (stealth).
  7104 | D:8      | Reached skill level 11 in Axes
  7104 | D:8      | Reached XP level 9. HP: 48/75 MP: 4/8
  7182 | D:8      | Noticed Grum
  7183 | D:8      | 7183 ||| Stepping ~*~*~tactically~*~*~ (stealth).
  7188 | D:8      | 7188 ||| Stepping ~*~*~tactically~*~*~ (stealth).
  7189 | D:8      | 7189 ||| Stepping ~*~*~tactically~*~*~ (stealth).
  7190 | D:8      | 7190 ||| INVOKING Berserk.
  7195 | D:8      | Killed Grum
  7336 | D:8      | 7336 ||| UPGRADING to +0 plate armour.
  7346 | D:8      | 7346 ||| DROPPING +0 chain mail.
  7347 | D:8      | 7347 ||| READING scroll labelled VIACITHE FINEJ.
  7348 | D:8      | 7348 ||| READING scroll labelled JEKAYNGOPEU.
  7349 | D:8      | 7349 ||| READING 4 scrolls of identify.
  7349 | D:8      | 7349 ||| IDENTIFYING red potion
  7688 | D:6      | 7688 ||| READING scroll labelled TIM XUNTEONO CYMIE.
  7738 | D:5      | Noticed a rust devil
  7738 | D:5      | Noticed a rust devil
  7740 | D:5      | 7740 ||| INVOKING Berserk.
  7752 | D:5      | Killed a rust devil
  7756 | D:5      | HP: 26/112 [orc warrior/+0 glaive (17)]
  7757 | D:5      | HP: 9/112 [orc warrior/+0 glaive (14)]
  7758 | D:5      | Killed a rust devil
  7759 | D:5      | Reached skill level 12 in Axes
  7759 | D:5      | Mangled by an orc warrior

Levels and vault maps discovered:
D:1:      scummos_arrival_star, layout_loops_ring, chequers_avenue
D:2:      layout_loops_cross, shapermc_ecumenical_altar_starsandcircs,
          minmay_pentomino_z2
D:3:      layout_loops_corners, serial_bayou_lagoon_a
D:4:      layout_basic, minitemple, minmay_temple_entry_trees, chequers_jeans,
          minmay_crystal_room, uniq_duvessa
D:5:      cheibrodos_iron_armory, layout_gridville, kennysheep_generic_room_12,
          uniq_grinder, uniq_blork_the_orc, uniq_prince_ribbit1
D:6:      layout_basic
D:7:      layout_cave_pools, elyvilon_altar_1, kennysheep_generic_room_4,
          uniq_joseph
D:8:      nicolae_cairo_tiling, layout_loops_ring, minmay_strange_pillars,
          uniq_maurice, uniq_grum

Skill      XL: |  1  2  3  4  5  6  7  8  9 |
---------------+----------------------------+-----
Axes           | 4 5 6 7 8 9 11 12 | 12.4
Fighting       | 4 5 6 |  6.0
Shields        | 2 6 7 8 |  8.0
Armour         | 4 |  4.5
Dodging        | |  2.1

Action                   |  1- 3 |  4- 6 |  7- 9 || total
-------------------------+-------+-------+-------++-------
Melee: Hand axe          |    69 |   131 |    27 ||   227
       Headbutt          |     6 |    14 |    23 ||    43
       Punch             |       |     2 |       ||     2
       War axe           |       |       |   147 ||   147
Invok: Berserk           |     1 |     4 |     9 ||    14
       Trog's Hand       |       |       |     1 ||     1
  Use: Scroll            |     6 |     9 |     4 ||    19
       Potion            |       |     2 |     3 ||     5
Armor: Leather armour    |     4 |     6 |       ||    10
       Ring mail         |       |    13 |       ||    13
       Chain mail        |       |     1 |    41 ||    42
       Plate armour      |       |       |    15 ||    15
Dodge: Dodged            |    41 |    45 |    42 ||   128
Block: Kite shield       |       |     3 |    79 ||    82

Table legend:
 A = Non-vault XP
 B = Vault XP
 C = Vault XP percentage of total XP
 D = Non-vault monster count
 E = Vault monster count
 F = Vault count percentage of total count
                 A         B        C        D         E       F
            +---------+---------+-------+---------+---------+-------
      Total |    1580 |    2594 |  62.1 |     138 |      15 |   9.8
            +---------+---------+-------+---------+---------+-------
        D:1 |      45 |       0 |   0.0 |      22 |       0 |   0.0
        D:2 |     211 |      18 |   7.9 |      29 |       2 |   6.5
        D:3 |      41 |       0 |   0.0 |      11 |       0 |   0.0
        D:4 |     135 |     209 |  60.8 |      23 |       2 |   8.0
        D:5 |     406 |    1812 |  81.7 |      20 |       7 |  25.9
        D:6 |     533 |       0 |   0.0 |      19 |       0 |   0.0
        D:8 |     209 |     555 |  72.6 |      14 |       4 |  22.2
            +---------+---------+-------+---------+---------+-------
